 Dungeon Crawl Stone Soup version 0.27-a0-1083-gcf8293e1eb (webtiles) character file.

Game seed: 8494088933469956987

219 EnegeticOcto the Chopper (level 5, -1/46 HPs)
             Began as a Deep Dwarf Delver on Apr 26, 2021.
             Slain by a vampire mosquito (9 damage)
             ... on level 6 of the Dungeon.
             The game lasted 00:02:23 (313 turns).

EnegeticOcto the Chopper (Deep Dwarf Delver)         Turns: 313, Time: 00:02:24

Health: -1/46      AC:  5    Str: 16    XL:     5   Next: 63%
Magic:  2/2        EV:  8    Int: 11    God:
Gold:   27         SH:  7    Dex: 14    Spells: 4/4 levels left

rFire    . . .     SeeInvis .   a - +0 hand axe
rCold    . . .     Faith    .   i - +0 kite shield
rNeg     . . .     Spirit   .   h - +0 ring mail
rPois    .         Reflect  .   (no helmet)
rElec    .         Harm     .   (no cloak)
rCorr    .         Rampage  .   (no gloves)
Will     .....                  (no boots)
Stlth    ++........             (no amulet)
HPRegen  0.00/turn              (no ring)
MPRegen  0.08/turn              (no ring)

@: non-regenerating
A: damage resistance, heal wounds, sense surroundings 1, no regeneration
a: Heal Wounds


You were on level 6 of the Dungeon.
You visited 1 branch of the dungeon, and saw 3 of its levels.

You collected 27 gold pieces.

Inventory:

Hand Weapons
 a - a +0 hand axe (weapon)
Armour
 b - a +0 leather armour
 h - a +0 ring mail (worn)
   (You took it off a gnoll sergeant on level 5 of the Dungeon)
 i - a +0 kite shield (worn)
   (You took it off a gnoll sergeant on level 5 of the Dungeon)
Wands
 d - a wand of iceblast (9) {@v2}
   (You found it on level 4 of the Dungeon)
Scrolls
 c - a scroll of fog {!r}
 e - a scroll of fear {!r}
 g - a scroll of identify {unknown}
Potions
 f - a potion of haste {@q4 !q}
 j - a potion of flight {unknown}


   Skills:
 - Level 2.6 Fighting
 + Level 6.6 Axes
 - Level 2.1 Dodging
 - Level 6.0 Stealth


You had 4 spell levels left.
You didn't know any spells.
Your spell library was empty.

Dungeon Overview and Level Annotations

Branches:
Dungeon (5/15)
 Temple: D:4-7

Altars:
Kikubaaqudgha

Shops:
D:4 (   D:5 (

Annotations:
D:5 1 transporter
D:6 1 runed translucent door


Innate Abilities, Weirdness & Mutations

You are resistant to damage.
You can heal yourself by infusing magical energy.
You passively map a small area around you.
You do not regenerate.


Message History

The vampire mosquito bites you but does no damage.
You block the vampire mosquito's attack.
You closely miss the vampire mosquito. You barely miss the giant cockroach.
You miss the vampire mosquito. The vampire mosquito bites you.
The vampire mosquito draws strength from your injuries!
You block the vampire mosquito's attack.
The giant cockroach bites you. The vampire mosquito barely misses you.
The vampire mosquito bites you!
The vampire mosquito draws strength from your injuries!
The giant cockroach bites you but does no damage.
You block the vampire mosquito's attack.
You hit the vampire mosquito.
The vampire mosquito is lightly damaged.
You miss the vampire mosquito. You closely miss the giant cockroach.
The vampire mosquito bites you!
The vampire mosquito draws strength from your injuries!
You block the vampire mosquito's attack. x2
The giant cockroach completely misses you.
The vampire mosquito closely misses you.
You block the vampire mosquito's attack.
You hit the vampire mosquito.
The vampire mosquito is lightly damaged.
You hit the vampire mosquito.
You hit the giant cockroach but do no damage.
The vampire mosquito bites you!
* * * LOW HITPOINT WARNING * * *
The vampire mosquito draws strength from your injuries!
The vampire mosquito closely misses you.
The giant cockroach bites you.
The giant cockroach waves its antennae.
The vampire mosquito bites you.
* * * LOW HITPOINT WARNING * * *
The vampire mosquito draws strength from your injuries!
The vampire mosquito bites you.
* * * LOW HITPOINT WARNING * * *
The vampire mosquito draws strength from your injuries!
The giant cockroach bites you but does no damage.
You feel much better.
The vampire mosquito closely misses you.
The vampire mosquito bites you.
The vampire mosquito draws strength from your injuries!
The vampire mosquito bites you but does no damage.
The giant cockroach bites you but does no damage.
You block the vampire mosquito's attack.
You hit the vampire mosquito.
The vampire mosquito is lightly damaged.
Your shield prevents you from hitting the vampire mosquito.
You closely miss the giant cockroach. The vampire mosquito bites you.
The vampire mosquito draws strength from your injuries!
The vampire mosquito bites you.
The vampire mosquito draws strength from your injuries!
The giant cockroach barely misses you. The vampire mosquito bites you!
The vampire mosquito draws strength from your injuries!
The vampire mosquito bites you.
The vampire mosquito draws strength from your injuries!
You block the giant cockroach's attack.
You miss the vampire mosquito.
You hit the giant cockroach but do no damage.
Your shield prevents you from hitting the vampire mosquito.
The vampire mosquito closely misses you.
The vampire mosquito bites you but does no damage.
The vampire mosquito closely misses you.
The vampire mosquito bites you.
The vampire mosquito draws strength from your injuries!
The giant cockroach bites you.
You block the vampire mosquito's attack.
The vampire mosquito closely misses you.
You miss the vampire mosquito. You hit the giant cockroach.
You kill the giant cockroach!
You miss the vampire mosquito. The vampire mosquito barely misses you.
The vampire mosquito bites you but does no damage.
The vampire mosquito bites you!
* * * LOW HITPOINT WARNING * * *
The vampire mosquito draws strength from your injuries!
The vampire mosquito bites you but does no damage.
You hit the vampire mosquito.
The vampire mosquito is lightly damaged.
You hit the vampire mosquito.
You block the vampire mosquito's attack.
The vampire mosquito closely misses you.
The vampire mosquito bites you.
* * * LOW HITPOINT WARNING * * *
The vampire mosquito draws strength from your injuries!
The vampire mosquito bites you.
* * * LOW HITPOINT WARNING * * *
The vampire mosquito draws strength from your injuries!
The giant cockroach waves its antennae.
The vampire mosquito barely misses you.
Your magical essence is drained by the effort!
You feel much better.
You block the vampire mosquito's attack. x2
The vampire mosquito bites you!
The vampire mosquito draws strength from your injuries!
The vampire mosquito bites you!
* * * LOW HITPOINT WARNING * * *
The vampire mosquito draws strength from your injuries!
You hit the vampire mosquito.
The vampire mosquito is lightly damaged.
You barely miss the vampire mosquito. The vampire mosquito bites you!
You die...

, , * , , , ,
* ,, *
,####### ** *
,, #......,,,
,#..... , , *
,#...(# #####
,, *
#....#ByBb.#
,
,#...@yBBs..+
,
#...y#Bss.b#
#....# #####
,* ,#......,
,#........ ,
, ########+#
, , , * ,, **
* , * * ,* *
*


You could see 2 vampire mosquitoes, 3 scorpions, a killer bee and 5 giant
cockroaches.

Vanquished Creatures
  A gnoll sergeant (D:5)
  A howler monkey (D:5)
  A bullfrog zombie (D:5)
  An iguana (D:5)
  A hound skeleton (D:5)
  4 gnolls (D:5)
  An adder skeleton (D:4)
  A giant cockroach (D:6)
  A hobgoblin (D:4)
12 creatures vanquished.

Notes
Turn   | Place    | Note
-------+----------+-------------------------------------------
     0 | D:5      | EnegeticOcto the Deep Dwarf Delver began the quest for the
                  | Orb.
     0 | D:5      | Reached XP level 1. HP: 20/20 MP: 1/1
    18 | D:5      | Found a transporter.
    61 | D:4      | Found Cuimylud's Weapon Shoppe.
    74 | D:4      | Found an ancient bone altar of Kikubaaqudgha.
   121 | D:5      | Found Piunnor's Antique Weapon Emporium.
   142 | D:5      | Reached skill level 4 in Axes
   142 | D:5      | Reached XP level 2. HP: 14/27 MP: 2/2
   142 | D:5      | Reached XP level 3. HP: 18/33 MP: 3/3
   150 | D:5      | Noticed a gnoll sergeant
   165 | D:5      | Reached skill level 5 in Axes
   165 | D:5      | Reached XP level 4. HP: 30/40 MP: 4/4
   192 | D:5      | Your magical essence is drained by the effort!
   194 | D:5      | Reached skill level 6 in Axes
   194 | D:5      | Reached XP level 5. HP: 40/46 MP: 4/4
   296 | D:5      | You fall into a shaft and drop 1 floor!
   296 | D:6      | Found a runed translucent door.
   296 | D:6      | Noticed a vampire mosquito
   296 | D:6      | Noticed a vampire mosquito
   297 | D:6      | Found a runed translucent door.
   302 | D:6      | Your magical essence is drained by the effort!
   312 | D:6      | Your magical essence is drained by the effort!
   313 | D:6      | Slain by a vampire mosquito

Illustrated notes

Levels and vault maps discovered:
D:4:      layout_basic, grunt_temple_overflow_diamond, lemuel_round_altar,
          serial_shops, shop
D:5:      gammafunk_wand_slinger, layout_basic, serial_shops, shop,
          nicolae_shop_temple_entry_statues_fountains, nicolae_shop_waterfront
D:6:      lemuel_insect_pit, layout_basic, nicolae_qazlal_scattered_showers,
          nicolae_ashenzari_panopticon, amcnicky_altar_gilded,
          gammafunk_ghost_gnarly_gnolls, amcnicky_mini_pool_small

Skill      XL: |  1  2  3  4 |
---------------+-------------+-----
Axes           | 4 5 6 |  6.6
Fighting       | |  2.6
Dodging        | |  2.1
Stealth        | |  6.0

Action                   |  1- 3 |  4- 6 || total
-------------------------+-------+-------++-------
Melee: Hand axe          |    36 |    60 ||    96
 Abil: Heal Wounds       |     5 |    10 ||    15
Evoke: Wand              |     3 |       ||     3
  Use: Scroll            |     1 |       ||     1
Armor: Leather armour    |     8 |     4 ||    12
       Ring mail         |       |    10 ||    10
Dodge: Dodged            |    25 |    49 ||    74
Block: Kite shield       |       |    15 ||    15

Table legend: (Time is in decaauts)
 A = Elapsed time spent in this place.
 B = Non-inter-level travel time spent in this place.
 C = Inter-level travel time spent in this place.
 D = Time resting spent in this place.
 E = Time spent auto-exploring this place.
 F = Levels seen in this place.
 G = Mean time per level.
                   A        B        C        D        E       F      G
               +--------+--------+--------+--------+--------+-----+--------+
         Total |    323 |    321 |      2 |      0 |      0 |   3 |  107.7 |
       Dungeon |    323 |    321 |      2 |      0 |      0 |   3 |  107.7 |
               +--------+--------+--------+--------+--------+-----+--------+

Top non-repeatable levels by time:
     D:5: 225 daAuts
     D:4: 78 daAuts
     D:6: 19 daAuts
